 Dungeon Crawl Stone Soup version 0.23-a0-625-g1d2cd9b (webtiles) character file.

126 Leeroy the Slasher (level 5, 0/41 HPs)
             Began as a Barachi Warper on Dec 24, 2018.
             Succumbed to an adder's poison
             ... in a sewer.
             The game lasted 00:08:41 (2823 turns).

Leeroy the Slasher (Barachi Warper)                 Turns: 2823, Time: 00:08:42

Health: 0/41       AC:  4    Str: 12    XL:     5   Next: 9%
Magic:  6/17       EV: 12    Int: 14    God:
Gold:   215        SH:  0    Dex: 12    Spells: 4/8 levels left

rFire    . . .     SeeInvis .   a - +0 falchion
rCold    . . .     Gourm    .   (no shield)
rNeg     . . .     Faith    .   b - +0 leather armour
rPois    .         Spirit   .   (no helmet)
rElec    .         Reflect  .   (no cloak)
rCorr    .         Harm     .   m - +0 pair of gloves
MR       .....                  (no boots)
Stlth    +.........             (no amulet)
HPRegen  0.13/turn              j - ring of magical power
MPRegen  0.15/turn              (no ring)

@: lethally poisoned (0 -> -4), very slightly contaminated, invisible, slow
A: +LOS, swims, slowness 1, strong legs 1
a: Hop


You were in a sewer.
You were hungry.

You visited 1 branch of the dungeon, and saw 3 of its levels.
You also visited: Sewer.

You collected 215 gold pieces.

Inventory:

Hand Weapons
 a - a +0 falchion (weapon)
 c - a +0 short sword
 h - a +0 club
 k - a +0 dagger
 s - a +0 hunting sling
Missiles
 e - 5 tomahawks of dispersal
 i - 16 arrows
 l - 57 stones (quivered)
 p - 24 bolts
 t - 19 sling bullets
Armour
 b - a +0 leather armour (worn)
 m - a +0 pair of gloves (worn)
Jewellery
 j - a ring of magical power (left hand)
 q - an uncursed ring of fire
Scrolls
 d - a scroll of blinking
 n - a scroll of teleportation {unknown}
 o - a scroll of identify
Potions
 g - a potion of curing {unknown}
 r - a potion of haste {unknown}
 u - a potion of invisibility
Comestibles
 f - 4 rations
 v - a chunk of flesh


   Skills:
 + Level 3.0 Fighting
 * Level 5.3 Long Blades
 + Level 1.0 Throwing
 + Level 1.6 Armour
 - Level 2.4 Dodging
 - Level 2.2 Spellcasting
 - Level 0.2 Charms
 + Level 3.5 Translocations


You had 4 spell levels left.
You knew the following spells:

 Your Spells              Type           Power        Failure   Level  Hunger
a - Blink                 Tloc           N/A          11%         2    ###....
b - Shroud of Golubria    Chrm/Tloc      #.........   21%         2    ###....

Your spell library contained the following spells:

 Spells                   Type           Power        Failure   Level  Hunger
 Gell's Gravitas          Tloc           ##........   22%         3    ###....
 Lesser Beckoning         Tloc           ##........   22%         3    ###....
 Teleport Other           Tloc           ##......     22%         3    ###....
 Passage of Golubria      Tloc           N/A          56%         4    #####..


Dungeon Overview and Level Annotations

Branches:
Dungeon (3/15)

Altars:


Innate Abilities, Weirdness & Mutations

Shadows flee at your approach. (+LOS)
You can swim through water.
You cover ground slowly.
You can hop short distances.


Message History

You blink.
The adder misses you.
Casting: Blink (safe; 11% risk of failure)
Confirm with . or Enter, or press ? or * to list all spells.
You miscast Blink.
You are very lightly contaminated with residual magic.
You feel uncomfortable. The adder bites you.
* * * LOW HITPOINT WARNING * * *
You are lethally poisoned!
The adder poisons you!
Casting: Blink (safe; 11% risk of failure)
Confirm with . or Enter, or press ? or * to list all spells.
You blink.
Floosh!
* * * LOW HITPOINT WARNING * * *
You feel sick.
Found a scroll of identify and 8 gold pieces.
It was a potion of invisibility.
You fade into invisibility!
You die...

≈≈≈≈≈# #≈≈≈≈
....≈# #≈≈≈≈
.?$..# #.≈≈≈
##.≈.≈≈# #≈≈≈≈
#≈≈≈≈≈≈# #≈≈≈≈
#≈≈≈≈≈≈# #≈≈≈≈
#≈≈≈≈≈≈# #≈≈≈≈
#≈≈≈≈≈≈# #≈≈≈≈
#@≈≈≈≈≈# #≈≈≈†
#≈≈≈≈≈≈# #≈≈≈≈
#≈≈≈≈≈≈#####
#≈≈≈≈
##..S.###!!#
#§S≈≈
#......##!§#
#....
#..S.S.##'##.....
#..S......#......
##...............
##.............#


You could see 2 adders and 2 ball pythons.

Vanquished Creatures
  3 adders
  2 river rats (Sewer)
  2 oozes
  3 worms (D:2)
  2 dart slugs (D:2)
  5 giant cockroaches
  7 goblins
  5 hobgoblins
  7 kobolds
  A ball python (Sewer)
  5 bats
  6 frilled lizards
  22 rats
70 creatures vanquished.

Notes
Turn   | Place    | Note
-------+----------+-------------------------------------------
     0 | D:1      | Leeroy the Barachi Warper began the quest for the Orb.
     0 | D:1      | Reached XP level 1. HP: 17/17 MP: 3/3
   189 | D:1      | Reached XP level 2. HP: 14/23 MP: 5/5
   193 | D:1      | Learned a level 2 spell: Blink
   196 | D:1      | Learned a level 2 spell: Shroud of Golubria
   230 | D:1      | Reached skill level 3 in Long Blades
   655 | D:1      | Reached XP level 3. HP: 16/28 MP: 3/6
  1568 | D:2      | Reached skill level 4 in Long Blades
  1622 | D:2      | Reached XP level 4. HP: 22/34 MP: 7/7
  2695 | D:3      | Found a glowing drain.
  2712 | Sewer    | Entered a sewer
  2735 | Sewer    | Reached skill level 5 in Long Blades
  2791 | Sewer    | Reached XP level 5. HP: 26/41 MP: 8/8
  2816 | Sewer    | HP: 2/41 [adder (4)]
  2821 | Sewer    | HP: 2/41 [adder (1)]
  2823 | Sewer    | Succumbed to an adder's poison

Vault maps used:
D:1:      wander_arrival_lonely_grave, minmay_tall_x
D:2:      lemuel_upstairs_altar, minmay_split_cup_small
D:3:      nicolae_gozag_zags_fifth_avenue, grunt_temple_overflow_open,
          cheibrodos_sewer_entry_drain, serial_co_window_serial,
          co_window_of_opportunity_a, co_window_corner_a, co_window_corner_a,
          co_window_corner_a, co_window_corner_a, co_window_2corner,
          co_window_broadway_b, co_window_of_opportunity_b, co_window_paths_c,
          co_window_2corner, co_window_broadway_b, co_window_2corner,
          glass_columns_b, glass_columns_b,
          chequers_ecumenical_altar_simple_redux
Sewer:    sewer_minmay_w

Skill      XL: |  1  2  3  4 |
---------------+-------------+-----
Long Blades    | 3 4 5 |  5.3
Fighting       | 3 |  3.0
Throwing       | |  1.0
Armour         | |  1.6
Dodging        | |  2.4
Spellcasting   | |  2.2
Charms         | |  0.2
Translocations | |  3.5

Action                   |  1- 3 |  4- 6 || total
-------------------------+-------+-------++-------
Melee: Falchion          |   133 |   107 ||   240
Throw: Stone             |       |    16 ||    16
 Cast: Shroud of Golubri |     3 |     7 ||    10
       Blink             |     1 |     4 ||     5
  Use: Scroll            |     2 |       ||     2
       Potion            |       |     1 ||     1
  Eat: Chunk             |     3 |     5 ||     8
Armor: Leather armour    |    53 |    34 ||    87
Dodge: Dodged            |   109 |    79 ||   188
       Rpst.: Falchion   |    41 |    19 ||    60

Table legend:
 A = Non-vault XP
 B = Vault XP
 C = Vault XP percentage of total XP
 D = Non-vault monster count
 E = Vault monster count
 F = Vault count percentage of total count
                 A         B        C        D         E       F
            +---------+---------+-------+---------+---------+-------
      Total |     115 |      65 |  36.1 |      45 |      25 |  35.7
            +---------+---------+-------+---------+---------+-------
        D:1 |      27 |       7 |  20.6 |      16 |       4 |  20.0
        D:2 |      86 |       3 |   3.4 |      27 |       3 |  10.0
        D:3 |       2 |       2 |  50.0 |       2 |       1 |  33.3
      Sewer |       0 |      53 | 100.0 |       0 |      17 | 100.0
            +---------+---------+-------+---------+---------+-------
